[Event "*** SCC Grand Prix: Titled Tuesday Blitz"]
[Site "Chess.com"]
[Date "2020.08.11"]
[Round "3"]
[White "kleinebeer98"]
[Black "OparinGrigoriy"]
[Result "0-1"]
[WhiteElo "2656"]
[BlackElo "2936"]
[TimeControl "180+1"]
[EndTime "10:29:13 PDT"]
[Termination "OparinGrigoriy won by resignation"]

1. e4 c6 2. d4 d5 3. f3 Qb6 4. Nc3 e6 5. Bd3 Nf6 6. Nge2 c5 7. exd5 Nxd5 8. O-O Nxc3 9. bxc3 Nc6 10. Kh1 Be7 11. Be3 Bd7 12. Rb1 Qc7 13. Bf4 Qc8 14. Qe1 O-O 15.
Qg3 Re8 16. Rfd1 Bf8 17. Be4 g6 18. h4 Bg7 19. h5 a5 20. Rb6 a4 21. Rdb1 cxd4 22. cxd4 Ra5 23. hxg6 hxg6 24. c3 Rh5+ 25. Kg1 e5 26. Be3 exd4 27. cxd4 Bf5 28. Rxb7 Bxe4 29. fxe4 Qe6 30. d5 Qxe4 31. dxc6 Be5 32. Qf3 Bh2+ 33. Kf2 Rf5 0-1

[Event "*** SCC Grand Prix: Titled Tuesday Blitz"]
[Site "Chess.com"]
[Date "2020.08.11"]
[Round "3"]
[White "elcandado"]
[Black "LuisFSiles"]
[Result "1-0"]
[WhiteElo "2547"]
[BlackElo "2317"]
[TimeControl "180+1"]
[EndTime "10:29:13 PDT"]
[Termination "elcandado won on time"]

1. d4 Nf6 2. Bf4 g6 3. Nc3 d5 4.
e3 Bg7 5. Nf3 O-O 6. h3 c5 7.
Be2 Nc6 8. O-O Ne4 9. Nb5 a6 10. Na3 b5 11. c3 Bb7 12. Nc2 Re8 13. Bh2 e5 14. dxe5 Nxe5 15. Nxe5 Bxe5 16. Bxe5 Rxe5 17. Ne1 Re8 18. Nf3 Ng5 19. Nxg5 Qxg5 20. Bf3 Rad8 21. a4 Bc8 22. Kh1 Qh4 23. Kh2 g5 24. axb5 axb5 25. Ra7 Be6 26. Bg4 f5 27. Bh5 Rf8 28.
g3 Qe4 29. Bf3 Qe5 30. Bg2 f4 31. exf4 gxf4 32. Re1 fxg3+ 33. fxg3 1-0

[Event "*** SCC Grand Prix: Titled Tuesday Blitz"]
[Site "Chess.com"]
[Date "2020.08.11"]
[Round "3"]
[White "GadimbayliA"]
[Black "Sammed_Shete"]
[Result "1-0"]
[WhiteElo "2859"]
[BlackElo "2642"]
[TimeControl "180+1"]
[EndTime "10:29:14 PDT"]
[Termination "GadimbayliA won by checkmate"]

1. e4 c5 2. f4 d6 3. Nf3 Nc6 4. c3 g6 5. d4 cxd4 6. cxd4 Bg7 7. h3 Nf6 8. Nc3 O-O 9. Bd3 e5 10. fxe5 dxe5 11. d5 Nd4 12. O-O Nh5 13. Be3 Bd7 14. Rc1 Rc8 15. Bxd4 exd4 16. Ne2 Qb6 17. e5 Bh6 18. Rxc8 Be3+ 19. Kh1 Bxc8 20. g4 Ng7 21. Qa4 h5 22. Nfxd4 hxg4 23. hxg4 Bxg4 24. Nb3 Bxe2 25. Bxe2 Nf5 26. Qg4 Nd4 27. Bd3 Kg7 28. e6 Nxb3 29.
Rxf7+ Rxf7 30. Qxg6+ Kh8 31. Qh5+ Kg8 32. Qxf7+ Kh8 33.
Qh7# 1-0

[Event "*** SCC Grand Prix: Titled Tuesday Blitz"]
[Site "Chess.com"]
[Date "2020.08.11"]
[Round "3"]
[White "Zkid"]
[Black "Shubinkirill2003"]
[Result "1-0"]
[WhiteElo "2864"]
[BlackElo "2645"]
[TimeControl "180+1"]
[EndTime "10:29:15 PDT"]
[Termination "Zkid won by resignation"]

1. e4 e6 2. d4 d5 3. Nc3 Bb4 4. Ne2 Nc6 5. e5 f6 6. f4 Nh6 7. a3 Ba5 8. b4 Bb6 9. Na4 fxe5 10. dxe5 O-O 11. Nxb6 axb6 12. Bb2 Bd7 13. g3 Nf5 14.
Qd2 Be8 15. Bg2 Bg6 16. O-O h5 17. Rac1 Qe7 18. c4 dxc4 19. Rxc4 Rad8 20. Qc1 b5 21.
Rc5 h4 22. g4 Nfd4 23. Nxd4 Nxd4 24. Bxd4 Rxd4 25. Rxc7 Qd8 26. Rxb7 Rd2 27. Qc7 Rxg2+ 28. Kxg2 Be4+ 29. Rf3 Qxc7 30. Rxc7 Rxf4 31. Rc3 Kf7 32. Kf2 Bxf3 33. Rxf3 g5 34. Rxf4+ gxf4 35. Kf3 1-0

[Event "*** SCC Grand Prix: Titled Tuesday Blitz"]
[Site "Chess.com"]
[Date "2020.08.11"]
[Round "3"]
[White "Gorin_Leonid"]
[Black "MFBerna"]
[Result "1-0"]
[WhiteElo "2619"]
[BlackElo "2401"]
[TimeControl "180+1"]
[EndTime "10:29:16 PDT"]
[Termination "Gorin_Leonid won by resignation"]

1. e4 c5 2. Nf3 d6 3. d4 cxd4 4. Nxd4 Nf6 5. f3 e5 6. Bb5+ Nbd7 7. Nf5 Qb6 8. Nc3 g6 9. Ne3 a6 10. Ned5 Nxd5 11. Nxd5 Qd8 12. Bxd7+ Bxd7 13. Be3 Rc8 14. Bb6 Qg5 15. Qe2 Bb5 16. Qf2 Be7 17. h4 Qh6 18. Be3 Qg7 19. O-O-O Bc6 20. h5 g5 21. g4 h6 22. Kb1 Bxd5 23. Rxd5 O-O 24. Rhd1 Qf6 25. Qe2 Rc6 26. Bc1 Rfc8 27. c3 Qe6 28. Qd3 b5 29. Be3 R8c7 30. a3 Qc8 31. Kc2 Qb7 32. Kd2 Rc4 33. Ke2 a5 34. Bd2 Qb6 35. b3 R4c5 36.
Be3 Rxd5 37. Bxb6 Rxd3 38. Rxd3 Rc6 39. Bxa5 Kf8 40. Rd5 Rc5 41. Rxc5 dxc5 42. Kd3 c4+ 43. bxc4 bxc4+ 44. Kxc4 Bxa3 45. Kd5 f6 46. Ke6 Kg7 47.
Bd8 1-0

[Event "*** SCC Grand Prix: Titled Tuesday Blitz"]
[Site "Chess.com"]
[Date "2020.08.11"]
[Round "3"]
[White "Maksimus1998"]
[Black "alfiefischer77"]
[Result "1-0"]
[WhiteElo "2520"]
[BlackElo "2289"]
[TimeControl "180+1"]
[EndTime "10:29:16 PDT"]
[Termination "Maksimus1998 won by resignation"]

1. e4 c5 2. Nf3 e6 3. g3 Nc6 4.
Bg2 Nf6 5. Qe2 d5 6. exd5 Nxd5 7. O-O Be7 8. Rd1 O-O 9. d4 cxd4 10. Nxd4 Nxd4 11.
Rxd4 Bc5 12. Rd1 Qb6 13. c4 Nf6 14. Nc3 Bd7 15. Bg5 Bc6 16. Bxc6 Qxc6 17. Bxf6 gxf6 18. Ne4 f5 19. Nxc5 Qxc5 20. a3 Rac8 21. Rac1 Rfd8 22. b4 Rxd1+ 23. Qxd1 Qe5 24. Qd2 Qf6 25. c5 Rd8 26. Qe2 e5 27. Rd1 e4 28. b5 Rxd1+ 29. Qxd1 Qc3 30.
Qd8+ Kg7 31. Qg5+ Kf8 32. Qxf5 Qxa3 33. c6 bxc6 34. Qc8+ Kg7 35. bxc6 Qc1+ 36. Kg2 Qc3 37. Qg4+ Kf8 38. Qxe4 a5 39. Qd5 a4 40. Qd6+ Kg7 41. c7 a3 42. Qd7 a2 43. c8=Q Qxc8 44.
Qxc8 a1=Q 45. h4 Qd1 46. Qf5 Qd4 47. h5 h6 48. g4 Qc4 49. Qe5+ Kh7 50. Kg3 Qd3+ 51.
f3 Qd1 52. Qe4+ Kg7 53. Kf4 Qd2+ 54. Qe3 Qd6+ 55. Qe5+ Qxe5+ 56. Kxe5 1-0

[Event "*** SCC Grand Prix: Titled Tuesday Blitz"]
[Site "Chess.com"]
[Date "2020.08.11"]
[Round "3"]
[White "WIDBIFS"]
[Black "sodastream007"]
[Result "0-1"]
[WhiteElo "2710"]
[BlackElo "2225"]
[TimeControl "180+1"]
[EndTime "10:29:17 PDT"]
[Termination "sodastream007 won on time"]

1. d4 Nf6 2. Nf3 g6 3. g3 Bg7 4. Bg2 O-O 5. O-O d5 6. c4 Nc6 7. cxd5 Nxd5 8. e4 Nb6 9. d5 Na5 10. h3 c6 11. Nc3 cxd5 12. exd5 Nac4 13. Qe2 Re8 14. Rd1 Bd7 15. Bg5 Rc8 16. Nd4 Qc7 17.
Rac1 Qc5 18. Nb3 Qb4 19. Ne4 Nxb2 20. Rxc8 Rxc8 21. Rd2 N2a4 22. d6 Nc4 23. Rc2 exd6 24. Nf6+ Bxf6 25. Bxf6 Nab6 26. Qe4 Bf5 27. Qh4 Nd5 28.
Bxd5 Qe1+ 29. Kg2 Ne3+ 30. Kf3 Bxc2 0-1

[Event "*** SCC Grand Prix: Titled Tuesday Blitz"]
[Site "Chess.com"]
[Date "2020.08.11"]
[Round "3"]
[White "vpsetter"]
[Black "ChessBitl"]
[Result "0-1"]
[WhiteElo "2636"]
[BlackElo "2432"]
[TimeControl "180+1"]
[EndTime "10:29:17 PDT"]
[Termination "ChessBitl won on time"]

1. Nf3 d5 2. d4 Nf6 3. Bf4 g6 4.
h3 Bg7 5. e3 O-O 6. Be2 b6 7.
O-O Bb7 8. Nbd2 Nbd7 9. Ne5 c5 10. Bf3 Rc8 11. c3 e6 12. Qa4 Nxe5 13. Bxe5 a5 14.
Rfd1 Nd7 15. Bxg7 Kxg7 16. c4 Bc6 17. Qa3 cxd4 18. cxd5 Bxd5 19. Bxd5 exd5 20. exd4 Re8 21.
Qb3 Nf8 22. Nf1 Ne6 23. Ne3 Nf4 24. Kh2 Rc6 25. Rac1 Rxc1 26. Rxc1 Qf6 27. Qb5 Re4 28. Rc6 Ne6 29. Qxb6 Qf4+ 30. Kg1 Nxd4 31. Rc7 Re6 32. Qb7 Rf6 0-1

[Event "*** SCC Grand Prix: Titled Tuesday Blitz"]
[Site "Chess.com"]
[Date "2020.08.11"]
[Round "3"]
[White "hellokostya"]
[Black "lucasmito"]
[Result "0-1"]
[WhiteElo "2396"]
[BlackElo "2605"]
[TimeControl "180+1"]
[EndTime "10:29:17 PDT"]
[Termination "lucasmito won by resignation"]

1. d4 d5 2. c4 dxc4 3. e4 e5 4. Nf3 exd4 5. Bxc4 Nc6 6. O-O Be6 7. Bxe6 fxe6 8. Qb3 Qd7 9. Qxb7 Rb8 10. Qa6 Nf6 11. Nbd2 Bc5 12. Ne1 O-O 13. Qe2 Nb4 14. Nd3 Nxd3 15.
Qxd3 Qb5 16. Qh3 Rbe8 17. Qb3 Qxb3 18. axb3 d3 19. h3 Bb6 20. e5 Nd7 21. Nc4 Nc5 22. Nxb6 axb6 23. b4 Ne4 24. Be3 Rd8 25. Rfd1 Rd5 26.
Ra7 c5 27. bxc5 bxc5 28. Ra6 Re8 29. f3 Ng3 30. Kf2 Nf5 31. Ra5 Red8 32. Rxc5 Nxe3 33. Rxd5 Nxd1+ 34. Ke1 Rxd5 0-1

[Event "*** SCC Grand Prix: Titled Tuesday Blitz"]
[Site "Chess.com"]
[Date "2020.08.11"]
[Round "3"]
[White "Nikithebest"]
[Black "paulrusan"]
[Result "1-0"]
[WhiteElo "2421"]
[BlackElo "2201"]
[TimeControl "180+1"]
[EndTime "10:29:17 PDT"]
[Termination "Nikithebest won on time"]

1. e4 g6 2. d4 Bg7 3. Nc3 d6 4.
Bf4 a6 5. a4 Nc6 6. Nge2 Nxd4 7. Nxd4 e5 8. Be3 exd4 9. Bxd4 Nf6 10. Qd2 O-O 11. Be2 Re8 12. f3 Be6 13. O-O Nd7 14. Bxg7 Kxg7 15. f4 f6 16. Bf3 Rb8 17. a5 Qe7 18.
Rae1 Bc4 19. Rf2 f5 20. Qd4+ Nf6 21. Qxc4 fxe4 22. Rfe2 d5 23. Nxd5 Qf7 24. Bxe4 c6 25.
Nb6 Qc7 26. Bf3 Rxe2 27. Rxe2 Rd8 28. Re1 Qd6 29. Qc3 Kf7 30. Nc4 Qxf4 31. Ne5+ Kg7 32. Nd3 Qd4+ 33. Qxd4 Rxd4 34. Re7+ Kh6 35. Rxb7 Ra4 36.
Rb6 Rxa5 37. Rxc6 Nd7 38. g4 1-0

[Event "*** SCC Grand Prix: Titled Tuesday Blitz"]
[Site "Chess.com"]
[Date "2020.08.11"]
[Round "3"]
[White "nocnypako"]
[Black "awesomevishesh"]
[Result "1/2-1/2"]
[WhiteElo "2583"]
[BlackElo "2379"]
[TimeControl "180+1"]
[EndTime "10:29:18 PDT"]
[Termination "Game drawn by repetition"]

1. d4 Nf6 2. c4 e6 3. Nc3 d5 4. cxd5 Nxd5 5. e4 Nxc3 6. bxc3 c5 7. a3 g6 8. Nf3 Bg7 9. Be2 O-O 10. h4 cxd4 11. cxd4 Nc6 12. Be3 Qa5+ 13. Kf1 h5 14. e5 Ne7 15. Ng5 Nf5 16. g4 Nxe3+ 17.
fxe3 f6 18. exf6 Rxf6+ 19. Kg1 hxg4 20. Bxg4 Bd7 21. Ne4 Rf7 22. Nc5 Qb6 23. Qb3 Qd6 24.
Ne4 Qc6 25. Qd3 Qd5 26. Nc3 Qd6 27. Ne4 Qd5 28. Nc3 Qd6 29. Ne4 Qd5 1/2-1/2

[Event "*** SCC Grand Prix: Titled Tuesday Blitz"]
[Site "Chess.com"]
[Date "2020.08.11"]
[Round "3"]
[White "PattyCastillo"]
[Black "KarpovVadim"]
[Result "0-1"]
[WhiteElo "1971"]
[BlackElo "2276"]
[TimeControl "180+1"]
[EndTime "10:29:18 PDT"]
[Termination "KarpovVadim won by resignation"]

1. d4 Nf6 2. Nf3 e6 3. e3 c5 4. Bd3 Be7 5. b3 b6 6. Bb2 Bb7 7. O-O cxd4 8. exd4 O-O 9. Nbd2 d6 10. c4 Nbd7 11. Qe2 Re8 12. Rfe1 a6 13. a3 Rc8 14. Rac1 Bf8 15. Ng5 g6 16. Nge4 Nxe4 17. Bxe4 d5 18. Bf3 Bg7 19. g3 Nf6 20. Bg2 Qd7 21. Nf3 dxc4 22.
bxc4 Red8 23. Red1 Qc7 24. Ne5 Bxg2 25. Kxg2 Nd7 26.
Nxd7 Qxd7 27. Qf3 b5 28. c5 Qc6 29. Bc3 Rd5 30. g4 h5 31. h3 Qd7 32. Qe3 e5 33. Bb4 exd4 34. Qf3 hxg4 35. hxg4 Rg5 36. Kh3 Rc6 37.
Re1 Bf6 38. Re4 Kg7 39. Rce1 a5 40. Bxa5 Rgxc5 41. Kg2 d3 42. Rf4 Rc4 43. Bb4 Rxf4 44. Qxf4 Rc4 45. Re4 Rxe4 46. Qxe4 d2 47. Bxd2 Qxd2 48.
Qc6 Qg5 49. f3 Qd2+ 50. Kg3 Qb2 51. Qc5 Qe5+ 52. Qxe5 Bxe5+ 53. f4 Bd6 54. Kf3 Bxa3 0-1

[Event "*** SCC Grand Prix: Titled Tuesday Blitz"]
[Site "Chess.com"]
[Date "2020.08.11"]
[Round "3"]
[White "FMOlexandrProhorov"]
[Black "shnitez"]
[Result "1-0"]
[WhiteElo "2132"]
[BlackElo "2462"]
[TimeControl "180+1"]
[EndTime "10:29:19 PDT"]
[Termination "FMOlexandrProhorov won on time"]

1. e4 c5 2. c3 Nf6 3. e5 Nd5 4. Nf3 e6 5. d4 cxd4 6. Qxd4 Nc6 7. Qe4 f5 8. Qe2 Qc7 9. g3 b5 10. Bg2 a5 11. O-O Ba6 12. Rd1 Bc5 13. Bf4 O-O 14.
Nbd2 a4 15. Nf1 a3 16. Qc2 axb2 17. Qxb2 b4 18. cxb4 Bxb4 19. Rxd5 exd5 20. Ng5 Bc4 21. Ne3 Ra5 22. a3 Be7 23. e6 Qc8 24. exd7 Qxd7 25.
Qd2 Bxg5 26. Bxg5 Qf7 27. Nxc4 dxc4 28. Bxc6 Rc5 29. Bf3 h6 30. Be3 c3 31. Qd3 Ra5 32. Qxc3 Ra6 33. Rd1 Qf6 34. Bd5+ Kh8 35. Bd4 Qg6 36. h4 f4 37. h5 Qg5 38. Kg2 fxg3 39. Be3 Qg4 40. Rd4 Qxh5 41. fxg3 1-0

[Event "*** SCC Grand Prix: Titled Tuesday Blitz"]
[Site "Chess.com"]
[Date "2020.08.11"]
[Round "3"]
[White "barbara25"]
[Black "Zarikovs1999"]
[Result "1-0"]
[WhiteElo "2199"]
[BlackElo "2376"]
[TimeControl "180+1"]
[EndTime "10:29:19 PDT"]
[Termination "barbara25 won by resignation"]

1. e4 c5 2. Nf3 d6 3. d4 cxd4 4. Nxd4 Nf6 5. Nc3 a6 6. f3 e5 7. Nb3 Be7 8. Be3 O-O 9. Qd2 Be6 10. O-O-O a5 11. a4 Nc6 12. Kb1 Nb4 13. g4 Rc8 14. g5 Nh5 15. h4 Qc7 16. Bd3 Rfd8 17. Nb5 Qb8 18. Nxa5 Nxd3 19. Qxd3 d5 20. Bb6 dxe4 21.
Qxe4 Ng3 22. Qxb7 Nxh1 23. Bxd8 Rxd8 24. Qxb8 Rxb8 25. Nc6 Nf2 26. Nxe7+ Kf8 27. Rd2 Kxe7 28. Rxf2 f5 29. b3 h6 30. gxh6 gxh6 31. Rg2 Kf6 32. c4 e4 33. fxe4 fxe4 34. Kb2 Ke5 35. Kc3 Rf8 36.
a5 e3 37. Re2 Ke4 38. Nd4 Bg4 39. Re1 Rd8 40. Nc2 Rd3+ 41. Kb2 e2 42. a6 Rd6 43. Ra1 Kf3 44. a7 Rd8 45. a8=Q+ Rxa8 46. Rxa8 Bf5 47. Re8 Be4 48. Rxe4 Kxe4 49. Kc3 h5 50. b4 Ke5 51. Kd2 e1=Q+ 52. Kxe1 1-0

[Event "*** SCC Grand Prix: Titled Tuesday Blitz"]
[Site "Chess.com"]
[Date "2020.08.11"]
[Round "3"]
[White "secretsuperstar7"]
[Black "goofypenguin96"]
[Result "1-0"]
[WhiteElo "2102"]
[BlackElo "2299"]
[TimeControl "180+1"]
[EndTime "10:29:21 PDT"]
[Termination "secretsuperstar7 won by checkmate"]

1. d4 c5 2. d5 d6 3. Nf3 Nf6 4.
c4 b5 5. cxb5 g6 6. Nc3 Bg7 7.
g3 O-O 8. Bg2 Bb7 9. O-O e6 10.
dxe6 fxe6 11. Ng5 Bxg2 12. Kxg2 Qd7 13. e4 h6 14. Nf3 Ng4 15. h3 Nf6 16. Be3 Qe7 17. e5 dxe5 18. Nxe5 Qb7+ 19. Kh2 g5 20. Bxc5 Rc8 21. Be3 Nd5 22. Nxd5 exd5 23. Bd4 Qxb5 24. Qg4 Qe8 25. Rfe1 Na6 26. h4 Nb4 27. hxg5 h5 28.
Qf3 Nc2 29. Qxd5+ Kh8 30. Nf7+ Kh7 31. Qf5+ Kg8 32. Rxe8+ Rxe8 33. Bxg7 Re2 34. Nh6+ Kxg7 35. Qf6+ Kh7 36. Qf7+ Kh8 37. Qf5 Nxa1 38. Nf7+ Kg7 39. Qf6+ Kf8 40. Ne5+ Ke8 41. Qf7+ Kd8 42. Qd7# 1-0

[Event "*** SCC Grand Prix: Titled Tuesday Blitz"]
[Site "Chess.com"]
[Date "2020.08.11"]
[Round "3"]
[White "Sn00pPawn"]
[Black "ferch1ni"]
[Result "0-1"]
[WhiteElo "1998"]
[BlackElo "2281"]
[TimeControl "180+1"]
[EndTime "10:29:21 PDT"]
[Termination "ferch1ni won on time"]

1. e4 c5 2. Nf3 Nc6 3. Bb5 a6 4. Bxc6 dxc6 5. d3 Qc7 6. Be3 e5 7. Nbd2 Nf6 8. Nb3 h6 9. Nxc5 b6 10. Nb3 c5 11. a4 Be6 12. Nfd2 Be7 13. h3 O-O 14. O-O Rfd8 15. Qe2 b5 16. f4 exf4 17. Bxf4 Qc6 18. axb5 axb5 19. c4 Rxa1 20. Rxa1 Nd7 21. Na5 Qb6 22. cxb5 Qxb5 23. Nac4 Qc6 24. Ra7 Bf8 25.
Qd1 Nb6 26. Ra6 Bxc4 27. Nxc4 Qxe4 28. dxe4 Rxd1+ 29. Kh2 Nxc4 30. b3 Nd2 0-1

[Event "*** SCC Grand Prix: Titled Tuesday Blitz"]
[Site "Chess.com"]
[Date "2020.08.11"]
[Round "3"]
[White "BursaBBSatranc"]
[Black "narutosmith"]
[Result "1-0"]
[WhiteElo "2512"]
[BlackElo "2254"]
[TimeControl "180+1"]
[EndTime "10:29:22 PDT"]
[Termination "BursaBBSatranc won on time"]

1. d4 Nf6 2. Bf4 g6 3. e3 Bg7 4. Nf3 O-O 5. h3 d6 6. Be2 Nc6 7. O-O Nd7 8. c3 e5 9. Bh2 f5 10. a4 g5 11. dxe5 dxe5 12. Na3 f4 13. Bd3 Qf6 14.
Qc2 Qh6 15. Bf5 Ne7 16. Bg4 Nc5 17. Bxc8 Raxc8 18. b4 e4 19. Nxg5 Qxg5 20. Bxf4 Qf6 21.
bxc5 Qxc3 22. Qxe4 Nc6 23. Rfc1 Qxa1 24. Rxa1 Bxa1 25. Qc4+ Kh8 26. Nb5 Bg7 27. Nxc7 Rxf4 28. Qxf4 Be5 29. Qe4 Rxc7 30. f4 1-0

[Event "*** SCC Grand Prix: Titled Tuesday Blitz"]
[Site "Chess.com"]
[Date "2020.08.11"]
[Round "3"]
[White "esrosenberg"]
[Black "SzMM19"]
[Result "0-1"]
[WhiteElo "2164"]
[BlackElo "2484"]
[TimeControl "180+1"]
[EndTime "10:29:22 PDT"]
[Termination "SzMM19 won by resignation"]

1. Nf3 c5 2. c4 Nc6 3. g3 e5 4. Nc3 g6 5. Bg2 Bg7 6. O-O d6 7. a3 a5 8. d3 Nge7 9. Rb1 O-O 10. Ne1 Be6 11. Nc2 d5 12. cxd5 Nxd5 13. Ne3 Nce7 14. Ne4 b6 15. Ng5 Bc8 16. b4 h6 17. Ne4 cxb4 18. Nxd5 Nxd5 19. axb4 axb4 20. Bb2 Be6 21. Rc1 Ra2 22. Ba1 Qe7 23. e3 Kh7 24. Rc6 Rfa8 25. h4 Rxa1 26. Qxa1 Rxa1 27. Rxa1 b3 28. Nd2 b2 29.
Rb1 Nb4 30. Rxb6 Nxd3 31. Rb7 Qa3 32. Be4 Qc3 33. Nf3 Ba2 34. Bxd3 Bxb1 35. Bxb1 Qc1+ 36.
Kg2 Qxb1 37. Rxf7 Qe4 0-1

[Event "*** SCC Grand Prix: Titled Tuesday Blitz"]
[Site "Chess.com"]
[Date "2020.08.11"]
[Round "3"]
[White "MrChampion_Coach"]
[Black "Son_of_Sultan"]
[Result "0-1"]
[WhiteElo "2428"]
[BlackElo "2716"]
[TimeControl "180+1"]
[EndTime "10:29:23 PDT"]
[Termination "Son_of_Sultan won on time"]

1. e4 c5 2. Nf3 Nc6 3. Bb5 g6 4.
Bxc6 dxc6 5. d3 Bg7 6. h3 e5 7. O-O Ne7 8. Be3 b6 9. Qd2 O-O 10. Na3 Be6 11. Bh6 f6 12. Bxg7 Kxg7 13. b3 Qc7 14.
Nc4 Rad8 15. Qc3 g5 16. Ncxe5 fxe5 17. Nxg5 Bc8 18. f4 h6 19. Nf3 Rxf4 20. Nxe5 Ng6 21. Nxc6+ Kh7 22. Nxd8 Qxd8 23. g3 Qg5 24. Kh2 Qh5 25.
Rxf4 Qxh3+ 26. Kg1 Qxg3+ 27. Kh1 Nxf4 0-1

[Event "*** SCC Grand Prix: Titled Tuesday Blitz"]
[Site "Chess.com"]
[Date "2020.08.11"]
[Round "3"]
[White "Bastiandash"]
[Black "JRenatoMaranhao"]
[Result "1-0"]
[WhiteElo "2303"]
[BlackElo "2044"]
[TimeControl "180+1"]
[EndTime "10:29:23 PDT"]
[Termination "Bastiandash won on time"]

1. d4 Nf6 2. Nf3 g6 3. Bg5 Bg7 4. Nbd2 h6 5. Bh4 d5 6. c3 O-O 7. e3 c5 8. Be2 b6 9. O-O Ba6 10. Bxa6 Nxa6 11. Qe2 Nc7 12. Ne5 Nd7 13. Nc6 Qe8 14.
Bxe7 a5 15. f4 f6 16. e4 Rf7 17. exd5 Nxd5 18. Rae1 Rc8 19. c4 Nxf4 20. Rxf4 Rxc6 21. d5 Rc8 22. Re4 Ne5 23. Bd6 Qd7 24. Bxe5 fxe5 25.
Nf3 Rcf8 26. Nxe5 Bxe5 27. Rxe5 b5 28. b3 b4 29. Re6 Kh7 30. Qe4 Rg7 31. h3 a4 32. Re7 1-0

[Event "*** SCC Grand Prix: Titled Tuesday Blitz"]
[Site "Chess.com"]
[Date "2020.08.11"]
[Round "3"]
[White "Fy_Rakotomaharo"]
[Black "gmmoranda"]
[Result "0-1"]
[WhiteElo "2668"]
[BlackElo "2907"]
[TimeControl "180+1"]
[EndTime "10:29:24 PDT"]
[Termination "gmmoranda won on time"]

1. e4 d6 2. d4 Nf6 3. Nc3 e5 4. Nf3 Nbd7 5. Bc4 Be7 6. O-O O-O 7. a4 a5 8. Re1 c6 9. h3 h6 10. Be3 Re8 11. Qd2 exd4 12. Bxd4 Nf8 13. Rad1 Be6 14. Bf1 Ng6 15. Qe3 d5 16. exd5 Nxd5 17. Nxd5 Bxd5 18. c4 Bxf3 19. Qxf3 Qc7 20. c5 Qf4 21. Qc3 Bf8 22. g3 Qf5 23. Rxe8 Rxe8 24. Qxa5 Qc2 25. Rd3 Qc1 26.
Re3 Rxe3 27. Bxe3 Qxb2 28. Qd8 Ne5 29. Kg2 Qc2 30. Qd4 Ng6 31. Bd3 Qb3 32. Bc4 Qc2 33. h4 Ne7 34. Qg4 Nf5 0-1

[Event "*** SCC Grand Prix: Titled Tuesday Blitz"]
[Site "Chess.com"]
[Date "2020.08.11"]
[Round "3"]
[White "MashaFromRussia"]
[Black "emperor87"]
[Result "0-1"]
[WhiteElo "2400"]
[BlackElo "2616"]
[TimeControl "180+1"]
[EndTime "10:29:24 PDT"]
[Termination "emperor87 won by resignation"]

1. d4 Nf6 2. c4 g6 3. Nf3 c5 4. d5 Bg7 5. Nc3 O-O 6. g3 e6 7.
Bg2 exd5 8. cxd5 d6 9. O-O Bg4 10. h3 Bxf3 11. Bxf3 Nbd7 12. a4 Qe7 13. Bg2 h5 14. e4 h4 15. g4 Nh7 16. f4 g5 17.
Qc2 a6 18. e5 dxe5 19. fxe5 Nxe5 20. Be4 Ng6 21. Bd2 Qd6 22. Qd3 c4 23. Qf3 Rae8 24. Rae1 Re7 25. Bc2 Rxe1 26. Rxe1 Rd8 27. Kg2 b5 28.
axb5 axb5 29. Rf1 Ne5 30. Qf5 Nd3 31. Qxf7+ Kh8 32. Rf3 b4 33. Bxd3 bxc3 34. Bxc3 Rg8 35. Bxh7 Kxh7 36. Bxg7 Rxg7 37. Qf5+ Kg8 38. Re3 Qb8 39.
d6 Qxb2+ 40. Kg1 Qc1+ 41. Kg2 Qxe3 0-1

[Event "*** SCC Grand Prix: Titled Tuesday Blitz"]
[Site "Chess.com"]
[Date "2020.08.11"]
[Round "3"]
[White "ThePatrick27"]
[Black "Euge_chess"]
[Result "1-0"]
[WhiteElo "2474"]
[BlackElo "2079"]
[TimeControl "180+1"]
[EndTime "10:29:24 PDT"]
[Termination "ThePatrick27 won by checkmate"]

1. d4 Nf6 2. c4 e6 3. Nf3 c5 4. d5 exd5 5. cxd5 d6 6. Nc3 g6 7. e4 Bg7 8. Be2 O-O 9. O-O Na6 10. h3 Nc7 11. a4 b6 12. Qc2 a6 13. Rb1 Rb8 14. b4 Bd7 15. Bf4 Nfe8 16. bxc5 bxc5 17. Rxb8 Qxb8 18. Rb1 Qc8 19. Rb6 f5 20. e5 dxe5 21.
Bxe5 Nf6 22. a5 Na8 23. Rxa6 Kh8 24. Ra7 Re8 25. Bc4 Re7 26. Ra6 Ne8 27. Bxg7+ Nxg7 28. Ne2 Nc7 29. d6 Nxa6 30. dxe7 Nb4 31. Qc3 Qe8 32.
Qf6 Nc6 33. Qf8+ Qxf8 34. exf8=Q# 1-0

[Event "*** SCC Grand Prix: Titled Tuesday Blitz"]
[Site "Chess.com"]
[Date "2020.08.11"]
[Round "3"]
[White "kidagent"]
[Black "Na_binci"]
[Result "1-0"]
[WhiteElo "2268"]
[BlackElo "1945"]
[TimeControl "180+1"]
[EndTime "10:29:24 PDT"]
[Termination "kidagent won on time"]

1. e4 c5 2. Nf3 d6 3. d4 cxd4 4.
Nxd4 Nf6 5. Nc3 g6 6. Be3 Bg7 7.
f3 O-O 8. Qd2 Nc6 9. O-O-O d5 10. exd5 Nxd5 11. Nxd5 Qxd5 12. Nxc6 Qxc6 13. Kb1 Bf5 14. Bd3 Bxd3 15. Qxd3 Rac8 16. c3 b5 17. Qd7 Qc4 18. Bd4 e5 19. Bxa7 b4 20. cxb4 Qxb4 21.
Rc1 e4 22. b3 Qa3 23. Bd4 Rcd8 24. Qa7 Qxa7 25. Bxa7 Rd2 26. Rc2 Rfd8 27. Be3 R2d3 28.
Bc1 exf3 29. gxf3 Rxf3 30. Bb2 Ra8 31. Bxg7 Kxg7 32. Kb2 Rf4 33. a4 h5 34. Ka3 h4 35.
h3 g5 36. Rg1 Kg6 37. Rc4 Rf3 38. Rxh4 f5 39. Rc4 Re8 40. a5 Ree3 41. Rb4 1-0

[Event "*** SCC Grand Prix: Titled Tuesday Blitz"]
[Site "Chess.com"]
[Date "2020.08.11"]
[Round "3"]
[White "Tsyhanchuk_Stanislav"]
[Black "Isajevsky_Anton"]
[Result "0-1"]
[WhiteElo "2386"]
[BlackElo "2598"]
[TimeControl "180+1"]
[EndTime "10:29:25 PDT"]
[Termination "Isajevsky_Anton won by checkmate"]

1. e4 c5 2. Nf3 d6 3. d4 cxd4 4. Nxd4 Nf6 5. Nc3 a6 6. Be3 e5 7. Nb3 Be6 8. Qd2 Nbd7 9. f4 Rc8 10. O-O-O Be7 11. h3 b5 12. g4 Qc7 13. Bd3 b4 14. Ne2 a5 15. g5 Nh5 16. f5 Bc4 17. Kb1 a4 18. Nbc1 d5 19. Bxc4 dxc4 20. g6 Ndf6 21. gxf7+ Kxf7 22. Qe1 Nxe4 23. Rg1 Rhd8 24.
Rxd8 Rxd8 25. Rg4 Nhf6 26. Rg1 c3 27. b3 axb3 28. Nxb3 Bf8 29. Ng3 Nd6 30. Qe2 Nc4 31.
Bc1 Qc6 32. Nh5 Ne4 33. f6 g6 34. Ng3 Ned2+ 35. Bxd2 cxd2 36. Rd1 Na3+ 37. Ka1 Qc3# 0-1

[Event "*** SCC Grand Prix: Titled Tuesday Blitz"]
[Site "Chess.com"]
[Date "2020.08.11"]
[Round "3"]
[White "boasovietica"]
[Black "Mr_Sinigami"]
[Result "0-1"]
[WhiteElo "2400"]
[BlackElo "2611"]
[TimeControl "180+1"]
[EndTime "10:29:26 PDT"]
[Termination "Mr_Sinigami won by resignation"]

1. e4 c5 2. Nf3 e6 3. Nc3 a6 4. g3 Nc6 5. Bg2 Nf6 6. O-O Be7 7. d3 d5 8. Ng5 h6 9. Nh3 d4 10. Ne2 e5 11. c3 O-O 12. f3 Be6 13.
cxd4 cxd4 14. Nf2 Rc8 15. f4 Ng4 16. f5 Nxf2 17. Rxf2 Bd7 18. a3 Bg5 19. h4 Be3 20. Bxe3 dxe3 21. Rf3 Nd4 22. Nxd4 exd4 23. f6 Bg4 24. e5 Qa5 25. fxg7 Rfe8 26. Qf1 Bxf3 27. Bxf3 Qxe5 28. Kg2 Rc2+ 29. Kh3 e2 30. Qe1 Rxb2 31.
Be4 f5 32. Rb1 Rxb1 33. Qxb1 fxe4 0-1

[Event "*** SCC Grand Prix: Titled Tuesday Blitz"]
[Site "Chess.com"]
[Date "2020.08.11"]
[Round "3"]
[White "Fortitudine"]
[Black "londonkid"]
[Result "0-1"]
[WhiteElo "2264"]
[BlackElo "2453"]
[TimeControl "180+1"]
[EndTime "10:29:26 PDT"]
[Termination "londonkid won on time"]

1. c4 e5 2. g3 Nc6 3. Bg2 Nf6 4. Nc3 Bc5 5. e3 O-O 6. Nge2 d6 7. O-O h6 8. b3 a6 9. Bb2 Rb8 10. a3 Bf5 11. h3 h5 12. d4 exd4 13. Nxd4 Bxd4 14. exd4 Qd7 15. Kh2 Ne7 16. Qd2 Ng6 17. Rae1 c6 18. d5 Ne5 19. Re3 c5 20. Rfe1 h4 21. f4 hxg3+ 22.
Rxg3 Ng6 23. Nd1 Nh5 24. Rg5 Nhxf4 25. Qxf4 Nxf4 26. Rxg7+ Kh8 27. Rxf7+ Kg8 28. Rxd7 Bxd7 29. Rg1 Nxg2 30. Rxg2+ Kf7 31. Rg7+ Ke8 32. Bc3 Kd8 33. Ba5+ b6 34. Bc3 Kc7 35. b4 Rg8 36. Rh7 Rbe8 37. bxc5 Re2+ 38. Kh1 bxc5 39. Ba5+ Kc8 0-1